 Dungeon Crawl Stone Soup version 0.29.1-15-g9cfb28693d (webtiles) character file.

Game seed: 18343642385725532009

27460 Gumption the Severer (level 13, -25/116 HPs)
             Began as a Minotaur Berserker on Mar 22, 2023.
             Was a High Priest of Trog.
             Annihilated by a reaper
             ... wielding a +1 scythe of freezing
              (30 damage)
             ... in an ice cave.
             The game lasted 01:33:02 (13937 turns).

Gumption the Severer (Minotaur Berserker)          Turns: 13937, Time: 01:33:02

Health: -25/116    AC: 18    Str: 25    XL:     13   Next: 4%
Magic:  12/12      EV: 14    Int:  6    God:    Trog [*****.]
Gold:   874        SH: 12    Dex: 10    Spells: 12/12 levels left

rFire   . . .      SeeInvis .   a - +0 war axe (freeze)
rCold   + + .      Faith    .   C - +0 kite shield
rNeg    . . .      Spirit   .   e - +2 scale mail {rC+}
rPois   .          Reflect  .   (helmet restricted)
rElec   .          Harm     .   D - +0 cloak
rCorr   .          Rampage  .   A - +1 pair of gloves
Will    ++...                   z - +2 pair of boots
Stlth   ..........              (no amulet)
HPRegen 1.29/turn               y - ring of protection from cold
MPRegen 0.13/turn               f - +4 ring of evasion

@: strong-willed, regenerating
A: horns 2, retaliatory headbutt
a: Renounce Religion, Berserk, Trog's Hand, Brothers in Arms


You were in an ice cave.
You worshipped Trog.
Trog was extremely pleased with you.
You visited 2 branches of the dungeon, and saw 13 of its levels.
You also visited: Ossuary and Ice Cave.

You collected 874 gold pieces.

Inventory:

Hand Weapons
 a - a +0 war axe of freezing (weapon)
 b - a +1 sling of flaming
 w - a +1 demon whip of venom
Missiles
 n - 3 silver javelins
 u - 4 javelins (quivered)
Armour
 e - a +2 scale mail of cold resistance (worn)
 t - the +4 scale mail of Ycvazi Esue {rCorr}
   (You found it on level 7 of the Dungeon)

   rCorr:     It protects you from acid and corrosion.
 z - a +2 pair of boots (worn)
 A - a +1 pair of gloves (worn)
 C - a +0 kite shield (worn)
 D - a +0 cloak (worn)
Jewellery
 f - a +4 ring of evasion (right hand)
 h - a ring of poison resistance
 i - a ring of ice
 y - a ring of protection from cold (left hand)
 G - a ring of see invisible
 O - a ring of willpower
Wands
 s - a wand of polymorph (7)
 I - a wand of charming (17)
 J - a wand of acid (8)
 M - a wand of roots (5)
Scrolls
 c - 7 scrolls of blinking
 l - 4 scrolls of teleportation
 o - 4 scrolls of enchant armour
 p - 3 scrolls of fog
 r - a scroll of identify
 B - 2 scrolls of brand weapon
 F - a scroll of vulnerability {unknown}
 K - a scroll of acquirement {unknown}
 P - a scroll of summoning {unknown}
Potions
 d - a potion of cancellation
 g - a potion of berserk rage
 j - 4 potions of flight
 k - 3 potions of lignification
 m - 4 potions of heal wounds
 q - a potion of invisibility
 v - 3 potions of magic
 x - 4 potions of curing
 E - 3 potions of haste
 H - 3 potions of might
 L - 3 potions of mutation
 N - a potion of attraction {unknown}


   Skills:
 + Level 11.6 Fighting
 * Level 15.7 Axes
 + Level 11.3 Armour
 - Level 2.1 Dodging
 * Level 13.5 Shields


You had 12 spell levels left.
You didn't know any spells.
Your spell library was empty.

Dungeon Overview and Level Annotations

Branches:
Dungeon (10/15)            Temple (0/1) D:4            Lair (3/5) D:9
 Spider (0/4) Lair:2      Ossuary (visited)           IceCv (1/1)
  Swamp: Lair:2-3    Shoals: Lair:2-3       Orc: D:9-12

Altars:
Ashenzari
Cheibriados
Dithmenos
Elyvilon
Gozag
Hepliaklqana
Kikubaaqudgha
Qazlal
Sif Muna
Xom
Yredelemnul
The Shining One

Shops:
D:4 :

Annotations:
D:6 1 runed translucent door, Silencio's ghost, novice DrFE
Lair:3 1 runed translucent door, 2 transporters, Eryq Zial's ghost, journeyman TrMo


Innate Abilities, Weirdness & Mutations

You have a pair of horns on your head.
You reflexively headbutt those who attack you in melee.


Message History

i - a ring of ice You see here a +1 scale mail of positive energy.
A reaper and 7 simulacra come into view.
The reaper is wielding a +1 scythe of freezing.
Found 28 gold pieces and a tin of tremorstones (2/2).
You block the anaconda simulacrum's attack.
The anaconda simulacrum bites you! The anaconda simulacrum freezes you!
You resist.
You slice the anaconda simulacrum!!
Your headbutt misses the anaconda simulacrum.
The anaconda simulacrum is almost destroyed.
You slash the anaconda simulacrum!
You block the anaconda simulacrum's attack. x2
The anaconda simulacrum grabs you.
You block the anaconda simulacrum's attack.
The anaconda simulacrum constricts you. The anaconda simulacrum bites you!
The anaconda simulacrum freezes you! You resist.
Your skin crawls.
You feel strong-willed. The anaconda simulacrum bites you.
The anaconda simulacrum freezes you! You resist.
The anaconda simulacrum constricts you.
The reaper hits you from afar with a +1 scythe of freezing!!
The reaper freezes you.
The anaconda simulacrum closely misses you.
The anaconda simulacrum bites you but does no damage.
The anaconda simulacrum constricts you.
You slice the anaconda simulacrum!! You headbutt the anaconda simulacrum.
The anaconda simulacrum vaporises!
Trog accepts your kill.
You hit the anaconda simulacrum.
The anaconda simulacrum vaporises!
Trog accepts your kill.
The reaper hits you from afar with a +1 scythe of freezing!!!
* * * LOW HITPOINT WARNING * * *
You barely miss the anaconda simulacrum.
Your headbutt misses the anaconda simulacrum.
The anaconda simulacrum completely misses you.
You block the anaconda simulacrum's attack.
The reaper hits you from afar with a +1 scythe of freezing!!
You die...

#.##...## ≈≈
##...#### ##
###....#######
###...#....# # ###
###....##. #≈
##.###### ########
#.##.#.#[..## ###.
#..###.....# ##...
###@.##...######....
#ZZ°##..#####.....##
#.Z2###..####.....##
#..ZZ ##...#....###
##... ###...####
###. ##### $. }#


You could see a reaper, an anaconda simulacrum, a death yak simulacrum, a naga
simulacrum and 2 troll simulacra.

Vanquished Creatures
  Erolcha (D:9)
  A hydra (Lair:2)
  A boulder beetle (Lair:1)
  A two-headed ogre (D:10)
  Amaemon (D:9)
  An ice statue (IceCv)
  A black mamba (Lair:2)
  Maggie (Lair:1)
  A gargoyle (D:10)
  4 cane toads
  An orange demon (D:9)
  A komodo dragon (Lair:3)
  A rime drake (Lair:2)
  2 anaconda simulacra (IceCv)
  2 hornets
  Prince Ribbit (D:7)
  7 blink frogs
  A shadow (D:10)
  Sigmund (D:3)
  10 yaks
  3 steam dragons
  A wraith (Ossuary)
  2 death yak simulacra (IceCv)
  An acid dragon (D:10)
  2 hydra simulacra (IceCv)
  12 water moccasins
  3 sky beasts
  3 black bears
  An ice beast (D:4)
  An ogre (D:5)
  2 centaurs
  2 phantoms (D:5)
  Blork the orc (D:6)
  A gnoll sergeant (D:9)
  4 two-headed ogre simulacra (IceCv)
  4 cane toad simulacra (IceCv)
  5 scorpions
  11 bullfrogs
  A water moccasin zombie (Ossuary)
  4 wights (D:9)
  An elephant simulacrum (IceCv)
  7 killer bees
  2 howler monkeys
  An electric eel (D:8)
  3 centaur zombies (Ossuary)
  5 jellies
  3 hounds
  Crazy Yiuf (D:6)
  4 orc priests
  A gnoll bouda (D:6)
  An iron imp (D:7)
  8 iguanas
  Terence (D:3)
  Natasha (D:2)
  7 orc wizards
  3 scorpion zombies (Ossuary)
  2 polar bear simulacra (IceCv)
  3 spriggan simulacra (IceCv)
  4 troll simulacra (IceCv)
  2 wolf simulacra (IceCv)
  An ogre zombie (Ossuary)
  A mummy (D:8)
  18 gnolls
  9 adders
  4 river rats (D:5)
  4 naga simulacra (IceCv)
  9 white imps
  6 ufetubi
  3 adder zombies (Ossuary)
  2 worms
  A dart slug (D:1)
  34 orcs
  6 ball pythons
  4 bats
  7 endoplasms
  15 giant cockroaches
  5 goblins
  3 hobgoblins
  A quokka (D:3)
  5 frilled lizards
  3 gnoll zombies (Ossuary)
  A goblin zombie (Ossuary)
  2 hobgoblin zombies (Ossuary)
  8 kobolds
  4 orc zombies (Ossuary)
  7 rats
327 creatures vanquished.

Vanquished Creatures (others)
  An orc (D:5)
  29 fungi
  77 plants
107 creatures vanquished.

Grand Total: 434 creatures vanquished

Notes
Turn   | Place    | Note
-------+----------+-------------------------------------------
     0 | D:1      | Gumption the Minotaur Berserker began the quest for the
                  | Orb.
     0 | D:1      | Reached XP level 1. HP: 19/19 MP: 0/0
   419 | D:1      | Reached skill level 4 in Axes
   423 | D:1      | Reached XP level 2. HP: 27/27 MP: 1/1
   669 | D:1      | Found a faded altar of an unknown god.
  1129 | D:2      | Reached XP level 3. HP: 26/33 MP: 2/2
  1331 | D:2      | Reached ** piety under Trog
  1465 | D:2      | Reached XP level 4. HP: 40/40 MP: 3/3
  1719 | D:2      | Reached skill level 5 in Axes
  1835 | D:2      | Found a hazy altar of Hepliaklqana.
  2026 | D:2      | Noticed Natasha
  2038 | D:2      | Killed Natasha
  2331 | D:3      | Reached XP level 5. HP: 46/47 MP: 4/4
  2418 | D:3      | Noticed Sigmund
  2431 | D:3      | Killed Sigmund
  2432 | D:3      | Reached skill level 5 in Fighting
  2432 | D:3      | Reached skill level 6 in Axes
  2432 | D:3      | Reached XP level 6. HP: 56/56 MP: 5/5
  2527 | D:3      | Noticed Terence
  2532 | D:3      | Killed Terence
  2969 | D:3      | Identified the +0 robe "Fiblyh" {rF+ rCorr Int+7 Stlth-}
  3176 | D:4      | Noticed an ice beast
  3187 | D:4      | Killed an ice beast
  3188 | D:4      | Reached skill level 7 in Axes
  3485 | D:4      | Found a staircase to the Ecumenical Temple.
  3498 | D:4      | Reached XP level 7. HP: 56/62 MP: 6/6
  3590 | D:4      | Reached skill level 5 in Armour
  3686 | D:4      | Found Ytis's Book Boutique.
  4134 | D:5      | Entered Level 5 of the Dungeon
  4373 | D:5      | Reached skill level 1 in Shields
  4493 | D:5      | Reached skill level 8 in Axes
  4570 | D:5      | Noticed a steam dragon
  4601 | D:5      | Killed a steam dragon
  4776 | D:5      | Reached XP level 8. HP: 70/71 MP: 7/7
  4776 | D:5      | Found a shimmering blue altar of Sif Muna.
  4797 | D:5      | Reached *** piety under Trog
  4966 | D:5      | Reached skill level 9 in Axes
  5722 | D:6      | Noticed Blork the orc
  5730 | D:6      | Killed Blork the orc
  6068 | D:6      | Found a white marble altar of Elyvilon.
  6237 | D:6      | Found a basalt altar of Yredelemnul.
  6257 | D:6      | Reached skill level 10 in Axes
  6257 | D:6      | Reached XP level 9. HP: 67/79 MP: 8/8
  6258 | D:6      | Reached skill level 5 in Shields
  6304 | D:6      | Identified the +0 robe "Popluvye" {Harm Dex+5}
  6396 | D:6      | Found a runed translucent door.
  6397 | D:6      | Noticed Silencio's ghost (novice DrFE)
  6533 | D:6      | Found a shimmering altar of Xom.
  6534 | D:6      | Found a hazy altar of Hepliaklqana.
  6535 | D:6      | Found a stormy altar of Qazlal.
  6582 | D:6      | Found an opulent altar of Gozag.
  6705 | D:6      | Found a runed translucent door.
  6706 | D:6      | Noticed Crazy Yiuf
  7178 | D:6      | Killed Crazy Yiuf
  7249 | D:7      | Identified the +4 scale mail of Ycvazi Esue {rCorr}
  7354 | D:7      | Paralysed by a hornet for 3 turns
  7762 | D:7      | Found a snail-covered altar of Cheibriados.
  7802 | D:7      | Noticed Prince Ribbit
  7830 | D:7      | Killed Prince Ribbit
  8100 | D:7      | Found a glowing golden altar of the Shining One.
  8100 | D:7      | Found an ancient bone altar of Kikubaaqudgha.
  8304 | D:7      | Reached skill level 11 in Axes
  8503 | D:8      | Found a sand-covered staircase.
  8512 | Ossuary  | Entered an ossuary
  8526 | Ossuary  | Reached **** piety under Trog
  8671 | Ossuary  | Noticed a silent spectre
  8843 | D:8      | Reached XP level 10. HP: 90/90 MP: 9/9
  9669 | D:9      | Noticed Erolcha
  9678 | D:9      | Killed Erolcha
  9679 | D:9      | Reached skill level 12 in Axes
  9824 | D:9      | Found a staircase to the Lair.
  9954 | D:9      | Noticed Amaemon
  9955 | D:9      | Noticed an orange demon
  9967 | D:9      | Killed Amaemon
  9970 | D:9      | Killed an orange demon
 10336 | D:10     | Entered Level 10 of the Dungeon
 10495 | D:10     | Found a broken altar of Ashenzari.
 10542 | D:10     | Reached skill level 13 in Axes
 10607 | D:10     | Identified the +2 leather armour "Icevvex" {*Slow Fly rF+}
 10643 | D:10     | Noticed a gargoyle
 10647 | D:10     | Killed a gargoyle
 10648 | D:10     | Reached skill level 10 in Shields
 10648 | D:10     | Reached XP level 11. HP: 97/97 MP: 10/10
 10677 | D:10     | Noticed a two-headed ogre
 10684 | D:10     | Killed a two-headed ogre
 10933 | D:10     | Found a shimmering blue altar of Sif Muna.
 11106 | Lair:1   | Entered Level 1 of the Lair of Beasts
 11106 | Lair:1   | Found a shadowy altar of Dithmenos.
 11527 | Lair:1   | Reached skill level 10 in Fighting
 11956 | Lair:1   | Noticed a boulder beetle
 11985 | Lair:1   | Killed a boulder beetle
 12179 | Lair:1   | Noticed Maggie
 12199 | Lair:1   | Killed Maggie
 12333 | Lair:1   | Reached skill level 10 in Armour
 12335 | Lair:1   | Reached skill level 14 in Axes
 12335 | Lair:1   | Reached XP level 12. HP: 110/110 MP: 11/11
 12683 | Lair:2   | You fall into a shaft and drop 1 floor!
 12800 | Lair:3   | Found a runed translucent door.
 12807 | Lair:3   | Reached skill level 15 in Axes
 12826 | Lair:3   | Found a transporter.
 12826 | Lair:3   | Found a transporter.
 12828 | Lair:3   | Noticed Eryq Zial's ghost (journeyman TrMo)
 12926 | Lair:3   | Noticed a seven-headed hydra
 12958 | Lair:2   | Noticed a six-headed hydra
 12962 | Lair:2   | Found a frozen archway.
 12984 | Lair:2   | Killed a six-headed hydra
 13008 | IceCv    | Entered an ice cave
 13518 | IceCv    | Reached ***** piety under Trog
 13760 | IceCv    | Reached XP level 13. HP: 102/116 MP: 12/12
 13933 | IceCv    | Noticed a reaper
 13936 | IceCv    | HP: 4/116 [reaper/+1 scythe of freezing (39)]
 13937 | IceCv    | Annihilated by a reaper

Illustrated notes

Levels and vault maps discovered:
D:1:      wander_arrival_desolate, layout_basic,
          shapermc_ecumenical_altar_pompeii, hangedman_decor_slide_cut,
          minmay_indecisive_spiral
D:2:      minmay_roachtagon, layout_loops_ring, basic_altar,
          ebering_dispersal_statue_hall, minmay_misc_feat_rugged, minmay_vboxes,
          uniq_natasha
D:3:      layout_basic, uniq_terence, uniq_sigmund
D:4:      layout_basic, minmay_temple_entry_waves, serial_shops, shop
D:5:      wad_woods_stonehenge, layout_basic, kennysheep_diamond
D:6:      layout_basic, mainiacjoe_overflow_catwalk_spiral, lemuel_tele_altar,
          minitemple, ebering_ghost_sewer_d, uniq_blork_the_orc,
          uniq_crazy_yiuf_cottage
D:7:      layout_basic, slow_altar_1, mainiacjoe_overflow_divided_tiny,
          uniq_prince_ribbit1
D:8:      layout_rooms, gup_ossuary_entry_pyramid, kennysheep_pointless_box
D:9:      layout_cave_pools, nicolae_overflow_hidden_temple,
          due_lair_maze_entry_diamond, serial_glass, glass_columns_a,
          glass_columns_b, glass_columns_a, glass_columns_a, glass_columns_a,
          glass_columns_a, glass_columns_c, glass_columns_a, item_on_display_a,
          item_on_display_b, due_unseen_surprise, uniq_erolcha, uniq_amaemon
D:10:     layout_irregular_city, led_sif_pool, ashenzari_altar_1
Lair:1:   layout_chaotic_city, basic_altar, beast_lair_carwin_10, uniq_maggie
Lair:2:   nzn_winding_woodlands_large [nzn_winding_woodlands_5x5_open_star,
          nzn_winding_woodlands_5x15_crooked, nzn_winding_woodlands_5x5_three,
          nzn_winding_woodlands_center_triple_pond,
          nzn_winding_woodlands_15x15_eel_pit,
          nzn_winding_woodlands_center_pierced_h,
          nzn_winding_woodlands_5x5_perimeter, nzn_winding_woodlands_5x15_pool,
          nzn_winding_woodlands_5x5_closed_star], layout_small_grid,
          spider_nest_entry_web_field, portal_ice_cave_entry_pillars_2,
          minmay_holes, beast_lair_carwin_5
Lair:3:   layout_regular_city, minmay_shoals_entry_lonely_mermaid,
          gammafunk_ghost_hive, pf_torpor_hydra, lemuel_fruit_tree
IceCv:    ice_cave_caverns_01

Skill      XL: |  1  2  3  4  5  6  7  8  9 10 11 12 |
---------------+-------------------------------------+-----
Axes           | 4 5 6 7 8 10 11 13 14 15 | 15.7
Fighting       | 4 5 6 7 8 9 11 | 11.6
Armour         | 3 4 5 6 8 9 10 11 | 11.3
Shields        | 2 4 7 10 12 13 | 13.5
Dodging        | |  2.1

Action                   |  1- 3 |  4- 6 |  7- 9 | 10-12 | 13-15 || total
-------------------------+-------+-------+-------+-------+-------++-------
Melee: Hand axe          |    35 |   109 |    81 |       |       ||   225
       Headbutt          |     6 |    24 |    73 |   104 |     6 ||   213
       War axe           |       |       |   276 |   412 |    15 ||   703
       Demon whip        |       |       |       |     7 |       ||     7
 Fire: Sling             |    16 |       |     2 |       |       ||    18
Throw: Javelin           |       |       |     2 |       |       ||     2
Invok: Berserk           |     1 |     2 |     5 |     3 |       ||    11
       Trog's Hand       |       |     1 |     4 |     5 |     1 ||    11
  Use: Scroll            |     1 |     8 |    10 |     6 |       ||    25
       Potion            |       |       |       |     1 |       ||     1
 Stab: Sleeping          |     1 |       |       |       |       ||     1
Armor: Animal skin       |     8 |       |       |       |       ||     8
       Ring mail         |       |    13 |       |       |       ||    13
       Chain mail        |       |    26 |    84 |       |       ||   110
       Scale mail        |       |       |    37 |   120 |     3 ||   160
Dodge: Dodged            |    19 |    47 |   138 |   162 |     5 ||   371
Block: Buckler           |       |       |    19 |       |       ||    19
       Kite shield       |       |       |   105 |   194 |    11 ||   310
